cohdb
Replays
Latest Replays
All Replays
Popular Replays
Top Player Replays
Match Explorer
How It Works
Community
CoH3 Stats
Reddit
Sign in to upload your games and track your stats! →
Sign in with Steam
Match 27979249
Unlisted
Match 27979249
Overview
Messages
Build Orders
End
Construct Infanterie Kompanie
Kettenkrad Recon Vehicle
Selects Italian Coastal Battlegroup
Selects Coastal Reserves
Coastal Reserve
GrW 34 Mortar Team
Construct Panzergrenadier Kompanie
Grenadier Squad
251 Medium Carrier
Coastal Reserve
Selects Artillery Officer
Selects Support Bunkers
Selects Support Bunkers
Support Elements
Nebelwerfer 42 Rocket Launcher Team
chainston
CarlosGM
|W|archild
Ion
ShiningBolt
Friendly Mouse(Poxie)
my worst self
AlexK
0
0
Comments
sign in to comment!
No comments posted yet!